 Dungeon Crawl Stone Soup version 0.30.1-9-gdf580d7c3d (webtiles) character file.

Game seed: 3677834874383944005

6367 101zpm the Thaumaturge (level 11, -6/66 HPs)
             Began as a Djinni Fire Elementalist on Sept 29, 2023.
             Mangled by an orc
             ... wielding a +2 heavy flail
              (10 damage)
             ... on level 9 of the Dungeon on Sept 30, 2023.
             The game lasted 00:46:15 (10089 turns).

101zpm the Thaumaturge (Djinni Fire Elementalist)  Turns: 10089, Time: 00:46:15

Health: -6/66      AC:  4    Str:  7    XL:     11   Next: 17%
Gold:   355        EV: 12    Int: 21    God:
                   SH:  0    Dex: 14

rFire   + + .        r - +3 flail (protect)
rCold   x . .        (no shield)
rNeg    . . .        w - +0 acid dragon scales
rPois   ∞            (no helmet)
rElec   .            (no cloak)
rCorr   +            u - +1 pair of gloves
SInv    .            (boots unavailable)
Will    ++...        (no amulet)
Stlth   ++           i - ring of willpower
HPRegen 0.31/turn    (no ring)
MPRegen 0.00/turn

%: infuse magic (-7 HP)
@: about to teleport, corroded, flying
A: sickness immunity, fire resistance 2, cold vulnerability 1, float, innate
caster, HP casting, extra vitality 1
a: no special abilities


You were on level 9 of the Dungeon.
You visited 2 branches of the dungeon, and saw 10 of its levels.

You collected 355 gold pieces.

Inventory:

Hand Weapons
 r - a +3 flail of protection (weapon)
Missiles
 m - a throwing net
Armour
 a - a +0 robe
 u - a +1 pair of gloves (worn)
 w - +0 acid dragon scales (worn)
Jewellery
 i - a ring of willpower (left hand)
Wands
 q - a wand of flame (42)
 B - a wand of quicksilver (6)
Scrolls
 b - 4 scrolls of poison
 f - 3 scrolls of enchant weapon
 g - a scroll of blinking
 h - 2 scrolls of vulnerability
 k - a scroll of brand weapon
 v - a scroll of teleportation
 y - a scroll of identify
Potions
 c - 4 potions of curing
 e - a potion of invisibility {unknown}
 j - 2 potions of lignification {unknown}
 l - 3 potions of mutation {unknown}
 o - a potion of magic {unknown}
 p - a potion of flight {unknown}
 s - 2 potions of attraction {unknown}
 x - a potion of heal wounds {unknown}
 z - a potion of might {unknown}
 A - a potion of haste {unknown}


   Skills:
 + Level 0.4 Fighting
 + Level 0.3 Armour
 + Level 3.5 Dodging
 + Level 4.0 Stealth
 + Level 12.1 Spellcasting


You knew the following spells:

 Your Spells              Type           Power      Damage    Failure   Level
a - Foxfire               Conj/Fire      100%       2x1d9     1%          1
b - Scorch                Fire           100%       2d9       1%          2
c - Volatile Blastmotes   Fire/Tloc      100%       2d18      1%          3
d - Inner Flame           Hex/Fire       59%        N/A       1%          3
e - Flame Wave            Conj/Fire      59%        2d14      1%          4
f - Summon Small Mammal   Summ           100%       N/A       1%          1
g - Searing Ray           Conj           100%       2d8       1%          2
h - Summon Guardian Gole  Hex/Summ       59%        N/A       1%          3
i - Frozen Ramparts       Ice            100%       1d16      1%          3
j - Iskenderun's Mystic   Conj/Tloc      59%        2d12      1%          4
Your spell library was empty.

Dungeon Overview and Level Annotations

Branches:
Dungeon (9/15)             Temple (1/1) D:6            Lair (0/5) D:9
    Orc (0/2) D:9

Altars:
Ashenzari
Dithmenos
Elyvilon
Fedhas
Gozag
Hepliaklqana
Makhleb
Nemelex Xobeh
Okawaru
Qazlal
Ru
Trog
Uskayaw
Wu Jian
Xom
Yredelemnul
Zin
The Shining One

Shops:
D:7 *   D:9 *

Annotations:
D:4 3 runed translucent doors, zen1337's ghost, amateur DsCj
D:6 2 transporters, Tamtam's ghost, novice GrEE
D:7 exclusion: ice statue


Innate Abilities, Weirdness & Mutations

You are immune to sickness and miasma.
You are immune to poison.
Your flesh is very heat resistant. (rF++)
You are vulnerable to cold. (rC-)
You float through the air rather than walking.
You learn spells naturally, not from books.
Your magical power is your life essence.
You have superior vitality. (+4 MHP)


Message History

Your guardian golem is engulfed in blazing flames.
As you read the scroll of teleportation, it crumbles to dust.
You feel strangely unstable.
The foxfire hits the acid dragon.
Flame seeps out of the acid dragon.
The acid dragon is lightly wounded.
Your guardian golem is engulfed in blazing flames.
Your guardian golem overheats!
Your surroundings suddenly seem different.
An orc wizard, 6 orcs and an orc priest come into view.
An orc is wielding a +2 dagger of venom.
The orc shouts! x2; The orc priest shouts!
You hear a shout!
The orc barely misses you.
The orc shouts loudly, in orcish tradition.
The orc barely misses you.
Okay, then.
As you read the scroll of fog, it crumbles to dust.
The scroll dissolves into smoke.
The orc hits you with a +0 dagger.
* * * LOW HITPOINT WARNING * * *
The orc barely misses you.
The orc priest hits you with a +0 flail.
* * * LOW HITPOINT WARNING * * *
The orc hits you with a +2 dagger of venom.
* * * LOW HITPOINT WARNING * * *
An orc comes into view. It is wielding a +0 hand axe.
As you read the scroll of teleportation, it crumbles to dust.
You feel strangely unstable. The orc closely misses you. x2
The orc priest casts a cantrip, but nothing happens.
The orc closely misses you.
As you read the scroll labelled HOSMEE DUROC, it crumbles to dust.
You feel a surge of unholy energy.
The orc convulses! x3
The orc priest convulses!
The orc convulses! x5; It was a scroll of torment.
The orc misses you.
The orc priest looks satisfied for a moment.
An orc warrior comes into view. It is wielding a +0 scimitar.
An orc comes into view. It is wielding a +0 club.
The orc barely misses you. The orc hits you but does no damage.
As you read the scroll labelled UBOTTAMIAW, it crumbles to dust.
You feel aware of your surroundings.
It was a scroll of magic mapping.
The orc hits you but does no damage. The orc hits you with a +2 heavy flail!
You die...

..#,.........,,,,*,*,,,,,,,,,,,,,
#)#.#........,,,,*,*,,,,,,>,,,***
#............,,,,,,,,,,,,,,,,,,,,
##...8S≈≈≈≈≈≈~~~~~~~~~~~~~~~~~~~,
##.#.≈8≈≈≈≈≈≈~~~~~~~~~~~~~~~~~~~,
##.#.≈≈.o###############******~~,
**..,≈≈,*.....§o§§§.....,,,~,*~~,
**,,,~~**.....§oo§§§....,,,***~~,
**,*,,,,,..o..oo@§8§.o..,,,,>*~~,
*,,*,~~**.....§oo§§o...o,,,***~~,
*,**,~~,*.....§§§§§....o,,,~,*~~,
,,**,~~,'###############******~~,
,,**,~8~~~~~~~~~~~~~~~~~~~~~~~~~,
+***,8~~~~~~~~~~~~~~~~~~~~~~~~~~,
,* *,,,,,,,,,,,,,,,,,,,,,,,,,,,,,
** ************,,,,,,,,,,,*******
***********,,,,,,,,


You could see an orc warrior, an orc priest and 8 orcs.

Vanquished Creatures
  A two-headed ogre (D:9)
  A cyclops (D:9)
  2 trolls
  The ghost of TangoThomas the Chopper, an amateur DsCK of Xom (D:5)
  A hornet (D:8)
  Grinder (D:3)
  A wraith (D:7)
  4 vampire mosquitoes (D:8)
  A steam dragon (D:6)
  Edmund (D:5)
  Menkaure (D:5)
  An acid dragon (D:8)
  Duvessa (D:6)
  A water moccasin (D:5)
  An ice beast (D:5)
  3 orc warriors (D:9)
  3 sky beasts
  2 black bears
  2 centaurs (D:8)
  2 ogres
  2 phantoms (D:6)
  7 bullfrogs
  A scorpion (D:6)
  5 wights (D:9)
  Dowan (D:6)
  A killer bee (D:9)
  2 howler monkeys
  2 electric eels (D:7)
  3 hounds
  A jelly (D:8)
  2 orc priests
  3 sleepcaps
  Jessica (D:3)
  Ijyb (D:5)
  An iguana (D:5)
  3 orc wizards
  15 adders
  7 gnolls
  A shadow imp (D:7)
  2 white imps
  2 ufetubi
  2 worms (D:2)
  A dart slug (D:4)
  18 orcs
  6 ball pythons
  4 bats
  3 endoplasms
  A giant cockroach (D:4)
  A goblin (D:2)
  8 hobgoblins
  5 quokkas
  3 frilled lizards (D:1)
  4 kobolds
  4 rats (D:1)
  A butterfly (D:6)
155 creatures vanquished.

Vanquished Creatures (collateral kills)
  6 foxfires
6 creatures vanquished.

Vanquished Creatures (others)
  626 foxfires
626 creatures vanquished.

Grand Total: 787 creatures vanquished

Notes
Turn   | Place    | Note
-------+----------+-------------------------------------------
     0 | D:1      | 101zpm the Djinni Fire Elementalist began the quest for the
                  | Orb.
     0 | D:1      | 101zpm set off with the following spells memorised:
                  | Foxfire, Scorch, Volatile Blastmotes, Inner Flame, Flame
                  | Wave.
     0 | D:1      | Reached XP level 1. HP: 15/15 MP: 0/0
   200 | D:3      | Noticed Jessica
   203 | D:3      | Killed Jessica
   204 | D:3      | Reached skill level 3 in Spellcasting
   204 | D:3      | Reached XP level 2. HP: 15/21 MP: 0/0
   204 | D:3      | Reached XP level 3. HP: 18/25 MP: 0/0
   204 | D:3      | Learned a level 1 spell: Summon Small Mammal
   360 | D:4      | Noticed an ogre
   364 | D:4      | Killed an ogre
   365 | D:4      | Reached skill level 4 in Spellcasting
   365 | D:4      | Reached XP level 4. HP: 15/31 MP: 0/0
   365 | D:4      | Reached XP level 5. HP: 17/35 MP: 0/0
   365 | D:4      | Learned a level 2 spell: Searing Ray
   618 | D:3      | Noticed a +0 short sword
   618 | D:3      | Noticed a +0 falchion
   619 | D:3      | Noticed a +0 short sword
   619 | D:3      | Noticed a +0 spear
   619 | D:3      | Noticed a +0 dagger
   620 | D:3      | Noticed a +0 falchion
   622 | D:3      | Noticed a +0 dagger
   624 | D:3      | Noticed a +0 spear
   639 | D:3      | Noticed Grinder
   644 | D:3      | Killed Grinder
   645 | D:3      | Reached skill level 5 in Spellcasting
   645 | D:3      | Reached XP level 6. HP: 21/40 MP: 0/0
   792 | D:3      | Found a hide-covered altar of Uskayaw.
   912 | D:3      | Found a basalt altar of Yredelemnul.
  1810 | D:1      | Reached XP level 7. HP: 40/45 MP: 0/0
  1810 | D:1      | Learned a level 3 spell: Summon Guardian Golem
  1974 | D:1      | Found a faded altar of an unknown god.
  2981 | D:4      | Found a runed translucent gate.
  2981 | D:4      | Found a runed translucent gate.
  2981 | D:4      | Found a runed translucent gate.
  3135 | D:4      | Found a sacrificial altar of Ru.
  3140 | D:4      | Found a shimmering altar of Xom.
  3543 | D:4      | Found a blossoming altar of Fedhas.
  3555 | D:4      | Found an opulent altar of Gozag.
  3696 | D:4      | Noticed zen1337's ghost (amateur DsCj)
  3720 | D:5      | Entered Level 5 of the Dungeon
  3791 | D:5      | Noticed Edmund
  3798 | D:5      | Killed Edmund
  3950 | D:5      | Noticed Ijyb
  3955 | D:5      | Killed Ijyb
  3956 | D:5      | Reached skill level 6 in Spellcasting
  4229 | D:5      | Reached XP level 8. HP: 42/50 MP: 0/0
  4297 | D:5      | Found a runed translucent door.
  4300 | D:5      | Noticed TangoThomas's ghost (amateur DsCK)
  4466 | D:5      | Noticed Menkaure
  4469 | D:5      | Killed Menkaure
  4478 | D:5      | Reached skill level 7 in Spellcasting
  4873 | D:6      | Found a transporter.
  4879 | D:6      | Noticed Tamtam's ghost (novice GrEE)
  5030 | D:6      | Reached skill level 8 in Spellcasting
  5030 | D:6      | Reached XP level 9. HP: 50/55 MP: 0/0
  5030 | D:6      | Learned a level 3 spell: Frozen Ramparts
  5068 | D:6      | Found a sparkling altar of Nemelex Xobeh.
  5526 | D:6      | Found a staircase to the Ecumenical Temple.
  5533 | Temple   | Entered the Ecumenical Temple
  5673 | D:6      | Found a transporter.
  5696 | D:6      | Noticed Duvessa
  5698 | D:6      | Noticed Dowan
  5701 | D:6      | Killed Duvessa
  5710 | D:6      | Killed Dowan
  6405 | D:5      | Found a broken altar of Ashenzari.
  6505 | D:5      | Killed TangoThomas's ghost
  6506 | D:5      | Reached skill level 9 in Spellcasting
  7132 | D:7      | Found a burning altar of Makhleb.
  7359 | D:7      | Found Urruih's General Store.
  7892 | D:7      | Reached XP level 10. HP: 51/60 MP: 0/0
  8026 | D:7      | Noticed an ice statue
  8196 | D:8      | Reached skill level 10 in Spellcasting
  8949 | D:8      | Reached skill level 11 in Spellcasting
  9295 | D:9      | Found a bloodstained altar of Trog.
  9357 | D:9      | Found an opulent altar of Gozag.
  9359 | D:9      | Found Gozag's Platinum Reserve.
  9562 | D:9      | Noticed a freezing wraith
  9572 | D:9      | Noticed a cyclops
  9573 | D:9      | Noticed a two-headed ogre
  9581 | D:9      | Killed a two-headed ogre
  9610 | D:9      | Killed a cyclops
  9611 | D:9      | Reached XP level 11. HP: 15/66 MP: 0/0
  9611 | D:9      | Learned a level 4 spell: Iskenderun's Mystic Blast
  9856 | D:9      | Reached skill level 12 in Spellcasting
 10086 | D:9      | HP: 3/66 [orc/+2 dagger of venom (1)]
 10089 | D:9      | Mangled by an orc

Illustrated notes

Levels and vault maps discovered:
D:1:      minmay_arrival_glassed_features, layout_basic,
          dreamdust_ecumenical_altar_angels_and_demons, serial_corexii_hall,
          chequers_hall_statues_y, corexii_hall_statues_x,
          chequers_hall_statues_wall_a, corexii_hall_statues_u,
          chequers_hall_statues_wall_a, corexii_hall_statues_i,
          chequers_serial_rivers_small_3
D:2:      layout_basic
D:3:      layout_loops_cross, nicolae_uskayaw_en_pointe,
          mainiacjoe_overflow_24_doors, yredelemnul_altar_generic, uniq_jessica,
          uniq_grinder
D:4:      layout_basic, fedhas_altar_3, minitemple, ebering_ghost_gozag,
          patterned_corridor
D:5:      layout_basic, mainiacjoe_overflow_alcove_4,
          hellmonk_ghost_happy_afterlife, uniq_menkaure, uniq_ijyb, uniq_edmund
D:6:      layout_basic, nemelex_xobeh_ov_fountains_minmay,
          minmay_temple_entry_butterflies, gammafunk_ghost_gnarly_gnolls,
          uniq_duvessa
D:7:      statuecave_lemuel, layout_basic, mainiacjoe_overflow_paths,
          serial_shops, shop
D:8:      layout_rooms, serial_co_window_serial, co_window_paths_b,
          co_window_of_opportunity_a, co_window_paths_a, co_window_paths_b,
          co_window_paths_b, co_window_corner_cb, co_window_broadway_a,
          co_window_broadway_b, co_window_4corner_b, glass_columns_a,
          glass_columns_a, glass_columns_a, glass_columns_a, serial_bayou_pond_c
D:9:      layout_basic, mainiacjoe_overflow_chevrons,
          nicolae_gozag_zags_fifth_avenue, grunt_lair_entry_orc_guard_hut,
          erik_orc_2, minmay_mirror_moons_of_madness, uniq_harold
Temple:   nicolae_temple_bog_church

Skill      XL: |  1  2  3  4  5  6  7  8  9 10 11 |
---------------+----------------------------------+-----
Spellcasting   | 3 4 5 6 8 9 11 12 | 12.1
Stealth        | 2 3 4 |  4.0
Dodging        | 3 |  3.5
Fighting       | |  0.4
Armour         | |  0.3

Action                     |  1- 3 |  4- 6 |  7- 9 | 10-12 || total
---------------------------+-------+-------+-------+-------++-------
   Cast: Foxfire           |    33 |    75 |   220 |    69 ||   397
         Summon Small Mamm |     3 |     3 |    36 |    21 ||    63
         Scorch            |     3 |     8 |    50 |    21 ||    82
         Inner Flame       |     1 |     7 |    54 |    34 ||    96
         Volatile Blastmot |       |     1 |     4 |     2 ||     7
         Summon Guardian G |       |       |    27 |    17 ||    44
         Searing Ray       |       |       |     1 |     1 ||     2
         Frozen Ramparts   |       |       |     2 |     2 ||     4
    Use: Scroll            |       |       |     7 |     7 ||    14
         Potion            |       |       |     1 |       ||     1
 Armour: Robe              |       |       |     1 |       ||     1
         Acid dragon scale |       |       |       |     2 ||     2
  Dodge: Dodged            |     5 |     1 |     4 |    12 ||    22
